Senators vs Phantoms
Created - December 20, 2023 at 19:01
Goals
|
| Senators |
0 |
1 |
0 |
1 |
| Phantoms |
1 |
1 |
2 |
4 |
|
Shots
|
| Senators |
5 |
14 |
14 |
33 |
| Phantoms |
5 |
10 |
16 |
31 |
|
1st period
1. Phantoms , Rem Pitlick 18 (Matt Kiersted 7, Erik Nystrom 13) at 19:36
Penalties :
Cal Foote (Leh) for Hooking (Minor) at 0:22, Brendan Perlini (Bel) for Interference (Minor) at 14:27
2nd period
2. Senators , Zachary Sanford 28 (Christoph Bertschy 36) at 2:54
3. Phantoms , Joe Snively 16 (Morgan Klimchuk 25, Sven Andrighetto 7) at 10:40
Penalties :
Zachary Sanford (Bel) for Hooking (Minor) at 10:43, Keegan Lowe (Bel) for Hooking (Minor) at 14:06, Matt Kiersted (Leh) for Hooking (Minor) at 17:05
3rd period
4. Phantoms , Cristoval Nieves 9 (Rem Pitlick 19) at 3:23
5. Phantoms , Rinat Valiev 6 (Joe Snively 25, Sven Andrighetto 8) at 17:44 (PP)
Penalties :
Rem Pitlick (Leh) for Hooking (Minor) at 5:41, Carl Grundstrom (Bel) for Hooking (Minor) at 17:33, Keegan Lowe (Bel) for Holding (Minor) at 18:28, Joe Snively (Leh) for Interference (Minor) at 18:32
Goalie Stats
David Rittich (Bel), 27 saves from 31 shots - (0.871), L, 10-10-2, 60:00 minutes
Anton Forsberg (Leh), 32 saves from 33 shots - (0.970), W, 14-8-1, 60:00 minutes
Players Stats for Senators
Player Name G A P +/- PIM S H SB GA TA FO MP PP MP PK MP
------------------------------------------------------------------------------------
Anton Karlsson 0 0 0 0 0 2 0 0 0 0 0/0 9:19 0:00 1:16
Brendan Perlini 0 0 0 0 2 3 0 0 1 0 0/0 18:32 1:35 1:19
Bryce Kindopp 0 0 0 0 0 0 1 1 0 0 0/0 6:48 0:00 0:00
C.J Suess 0 0 0 0 0 4 0 0 0 0 0/0 13:12 0:00 1:24
Carl Grundstrom 0 0 0 0 2 2 3 0 0 0 0/0 16:48 1:35 0:00
Christoph Bertschy 0 1 1 -2 0 1 2 0 1 1 25/39 21:57 4:22 3:22
David Kase 0 0 0 0 0 1 0 0 0 0 0/0 10:29 0:00 0:00
Grant Besse 0 0 0 -2 0 2 0 0 1 0 1/1 17:25 4:22 0:00
Jacob De La Rose 0 0 0 0 0 1 2 0 0 1 6/9 19:14 1:35 2:15
Jonas Siegenthaler 0 0 0 -1 0 3 0 2 0 1 0/0 13:53 0:00 0:37
Joonas Lyytinen 0 0 0 0 0 0 0 1 1 0 0/0 26:16 4:59 3:39
Jordan Schmaltz 0 0 0 0 0 4 1 1 0 1 0/0 26:44 4:59 3:39
Keegan Lowe 0 0 0 -1 4 2 2 0 0 0 0/0 20:21 0:58 1:56
Kevin Rooney 0 0 0 0 0 2 0 1 0 0 2/4 11:01 0:00 0:23
Mason Geertsen 0 0 0 -1 0 0 0 0 0 0 0/0 11:41 0:00 0:00
Michael McCarron 0 0 0 0 0 1 0 0 0 0 1/2 6:48 0:00 0:00
Nikita Nesterov 0 0 0 -1 0 1 0 1 1 0 0/0 20:48 0:58 2:33
Zachary Sanford 1 0 1 -2 2 4 2 0 1 1 0/1 21:00 4:22 2:25
Players Stats for Phantoms
Player Name G A P +/- PIM S H SB GA TA FO MP PP MP PK MP
------------------------------------------------------------------------------------
A.J. Greer 0 0 0 0 0 1 0 0 0 0 0/0 11:23 0:00 0:28
Brett Murray 0 0 0 0 0 0 0 0 0 0 0/0 9:15 0:00 0:00
Cal Foote 0 0 0 0 2 0 4 3 0 1 0/0 26:26 3:36 2:40
Cristoval Nieves 1 0 1 1 0 2 0 2 1 0 2/14 16:36 2:41 1:25
David Kampf 0 0 0 0 0 2 1 0 0 0 2/5 9:20 0:00 0:00
Erik Nystrom 0 1 1 1 0 1 1 0 0 0 1/1 16:50 2:41 1:25
Joe Snively 1 1 2 1 2 7 1 1 0 0 12/27 22:01 3:30 4:04
Lucas Wallmarkk 0 0 0 0 0 2 2 0 0 0 3/6 11:51 0:00 0:28
Matt Kiersted 0 1 1 2 2 0 0 1 0 0 0/0 19:56 2:36 2:32
Mikko Lehtonen 0 0 0 2 0 2 1 3 1 1 0/0 20:39 2:36 3:12
Morgan Klimchuk 0 1 1 1 0 3 1 1 2 0 0/2 23:08 3:31 4:04
Nick Sorensen 0 0 0 0 0 1 3 1 0 0 0/0 10:14 0:00 0:00
Oliver Wahlstrom 0 0 0 0 0 1 0 0 0 0 0/0 9:09 0:00 0:00
Rem Pitlick 1 1 2 1 2 5 3 1 0 0 0/0 15:45 2:41 0:00
Riley Stillman 0 0 0 0 0 0 1 0 0 0 0/0 13:30 0:00 0:39
Rinat Valiev 1 0 1 0 0 2 3 0 1 4 0/0 25:52 3:36 2:45
Sven Andrighetto 0 2 2 1 0 0 2 0 0 0 1/1 17:45 3:31 0:00
Ty Smith 0 0 0 0 0 2 0 0 0 0 0/0 12:52 0:00 0:06
3 Stars
1 - Anton Forsberg (Leh)
2 - Rem Pitlick (Leh)
3 - Joe Snively (Leh)
Power Play
Senators - 0 on 4 Attempt(s) - 0.00%
Phantoms - 1 on 5 Attempt(s) - 20.00%
Penalty Kill
Senators - 4 on 5 Attempt(s) - 80.00%
- Score 0 goal in Penalty Kill
Phantoms - 4 on 4 Attempt(s) - 100.00%
- Score 0 goal in Penalty Kill
Team Stat
Senators - Hits : 13 - Faceoff Wins : 35 - Blocked Shots : 7 - Penalty Minutes : 10
Phantoms - Hits : 23 - Faceoff Wins : 21 - Blocked Shots : 13 - Penalty Minutes : 8
Official
Referees : Brandon Blandina and Eric Furlatt
Linesman : Ryan Gibbons and Brandon Gawryletz
Game Notes
No Game Note
Finance
Level 1 -- Attendance: 2000 (100.00%) -- Ticket Income $140,000
Level 2 -- Attendance: 967 (96.70%) -- Ticket Income $38,680
Total Attendance: 2967 (98.90%)
Total Ticket Income: $178,680
Other Income: $8,934
Total Income: $187,614
Senators
5 vs 5 Forward
Center Left Wing Right Wing Time % Phy DF OF
1 Christoph Bertschy Zachary Sanford Grant Besse 40 0 2 3
2 Jacob De La Rose Brendan Perlini Carl Grundstrom 30 1 2 2
3 Kevin Rooney C.J Suess David Kase 20 1 2 2
4 Michael McCarron Anton Karlsson Bryce Kindopp 10 1 2 2
5 vs 5 Defense
Defense Defense Time % Phy DF OF
1 Jordan Schmaltz Joonas Lyytinen 40 1 2 2
2 Keegan Lowe Nikita Nesterov 30 1 2 2
3 Jonas Siegenthaler Mason Geertsen 20 1 2 2
4 Jordan Schmaltz Keegan Lowe 10 1 2 2
PowerPlay Forward
Center Left Wing Right Wing Time % Phy DF OF
1 Christoph Bertschy Zachary Sanford Grant Besse 60 1 1 3
2 Jacob De La Rose Brendan Perlini Carl Grundstrom 40 1 1 3
PowerPlay Defense
Defense Defense Time % Phy DF OF
1 Jordan Schmaltz Joonas Lyytinen 60 1 1 3
2 Keegan Lowe Nikita Nesterov 40 1 1 3
Penalty Kill 4 Players Forward
Center Wing Time % Phy DF OF
1 Christoph Bertschy Zachary Sanford 60 1 3 1
2 Jacob De La Rose Brendan Perlini 40 1 3 1
Penalty Kill 4 Players Defense
Defense Defense Time % Phy DF OF
1 Jordan Schmaltz Joonas Lyytinen 60 1 3 1
2 Keegan Lowe Nikita Nesterov 40 1 3 1
Penalty Kill - 3 Players Forward
Forward Time % Phy DF OF
1 Christoph Bertschy 60 1 3 1
2 Jacob De La Rose 40 1 3 1
Penalty Kill - 3 Players Defense
Defense Defense Time % Phy DF OF
1 Jordan Schmaltz Joonas Lyytinen 60 1 3 1
2 Keegan Lowe Nikita Nesterov 40 1 3 1
4 vs 4 Forward
Center Wing Time % Phy DF OF
1 Christoph Bertschy Zachary Sanford 60 1 2 2
2 Jacob De La Rose Brendan Perlini 40 1 2 2
4 vs 4 Defense
Defense Defense Time % Phy DF OF
1 Jordan Schmaltz Joonas Lyytinen 60 1 2 2
2 Keegan Lowe Nikita Nesterov 40 1 2 2
Last Minutes Offensive
Center Left Wing Right Wing Defense Defense
Christoph Bertschy Zachary Sanford Carl Grundstrom Jordan Schmaltz Keegan Lowe
Last Minutes Defensive
Center Left Wing Right Wing Defense Defense
Christoph Bertschy Zachary Sanford Carl Grundstrom Jordan Schmaltz Keegan Lowe
Goaltenders
Starting : David Rittich
Backup : Arvid Soderblom
Extra Forwards
Normal : C.J Suess, Kevin Rooney, Carl Grundstrom - PP : C.J Suess, Kevin Rooney - PK : C.J Suess
Extra Defensemen
Normal : Nikita Nesterov, Jonas Siegenthaler, Mason Geertsen - PP : Nikita Nesterov - PK : Nikita Nesterov, Jonas Siegenthaler
Penalty Shots
Zachary Sanford, Christoph Bertschy, Jacob De La Rose, Brendan Perlini, C.J Suess
Custom OT Lines Forwards
Zachary Sanford, Christoph Bertschy, Jacob De La Rose, Brendan Perlini, C.J Suess, Kevin Rooney, Carl Grundstrom, Grant Besse, Michael McCarron, Bryce Kindopp
Custom OT Lines Defensemen
Jordan Schmaltz, Keegan Lowe, Joonas Lyytinen, Nikita Nesterov, Jonas Siegenthaler
Scratches
Akil Thomas (Healthy), Ivan Morozov (Healthy), Gustav Forsling (Healthy), Martin Fehervary (Healthy), Alec Regula (Healthy)
Arttu Ruotsalainen (Healthy), Vitaly Abramov (Healthy), Cliff Pu (Healthy), Olivier Rodrigue (Healthy), Olle Eriksson Ek (Healthy)
Phantoms
5 vs 5 Forward
Center Left Wing Right Wing Time % Phy DF OF
1 Joe Snively Morgan Klimchuk Sven Andrighetto 40 1 2 2
2 Cristoval Nieves Erik Nystrom Rem Pitlick 30 1 2 2
3 Lucas Wallmarkk A.J. Greer Nick Sorensen 20 1 2 2
4 David Kampf Brett Murray Oliver Wahlstrom 10 1 2 2
5 vs 5 Defense
Defense Defense Time % Phy DF OF
1 Cal Foote Rinat Valiev 40 1 2 2
2 Mikko Lehtonen Matt Kiersted 30 1 2 2
3 Riley Stillman Ty Smith 20 1 2 2
4 Cal Foote Rinat Valiev 10 1 2 2
PowerPlay Forward
Center Left Wing Right Wing Time % Phy DF OF
1 Joe Snively Morgan Klimchuk Sven Andrighetto 60 1 2 2
2 Cristoval Nieves Erik Nystrom Rem Pitlick 40 1 2 2
PowerPlay Defense
Defense Defense Time % Phy DF OF
1 Cal Foote Rinat Valiev 60 1 2 2
2 Mikko Lehtonen Matt Kiersted 40 1 2 2
Penalty Kill 4 Players Forward
Center Wing Time % Phy DF OF
1 Joe Snively Morgan Klimchuk 60 1 2 2
2 Cristoval Nieves Erik Nystrom 40 1 2 2
Penalty Kill 4 Players Defense
Defense Defense Time % Phy DF OF
1 Cal Foote Rinat Valiev 60 1 2 2
2 Mikko Lehtonen Matt Kiersted 40 1 2 2
Penalty Kill - 3 Players Forward
Forward Time % Phy DF OF
1 Joe Snively 60 1 2 2
2 Cristoval Nieves 40 1 2 2
Penalty Kill - 3 Players Defense
Defense Defense Time % Phy DF OF
1 Cal Foote Rinat Valiev 60 1 2 2
2 Mikko Lehtonen Matt Kiersted 40 1 2 2
4 vs 4 Forward
Center Wing Time % Phy DF OF
1 Joe Snively Morgan Klimchuk 60 1 2 2
2 Cristoval Nieves Erik Nystrom 40 1 2 2
4 vs 4 Defense
Defense Defense Time % Phy DF OF
1 Cal Foote Rinat Valiev 60 1 2 2
2 Mikko Lehtonen Matt Kiersted 40 1 2 2
Last Minutes Offensive
Center Left Wing Right Wing Defense Defense
Joe Snively Morgan Klimchuk Sven Andrighetto Cal Foote Rinat Valiev
Last Minutes Defensive
Center Left Wing Right Wing Defense Defense
Joe Snively Morgan Klimchuk Sven Andrighetto Cal Foote Rinat Valiev
Goaltenders
Starting : Anton Forsberg
Backup : Zachary Fucale
Extra Forwards
Normal : Lucas Wallmarkk, Rem Pitlick, Erik Nystrom - PP : Lucas Wallmarkk, Rem Pitlick - PK : Lucas Wallmarkk
Extra Defensemen
Normal : Matt Kiersted, Riley Stillman, Ty Smith - PP : Matt Kiersted - PK : Matt Kiersted, Riley Stillman
Penalty Shots
Sven Andrighetto, Morgan Klimchuk, Joe Snively, Cristoval Nieves, Lucas Wallmarkk
Custom OT Lines Forwards
Sven Andrighetto, Morgan Klimchuk, Joe Snively, Cristoval Nieves, Lucas Wallmarkk, Rem Pitlick, Erik Nystrom, David Kampf, Nick Sorensen, A.J. Greer
Custom OT Lines Defensemen
Cal Foote, Rinat Valiev, Mikko Lehtonen, Matt Kiersted, Riley Stillman
Scratches
Anthony Angello (Healthy), Benoit-Olivier Groulx (Healthy), Cooper Marody (Healthy), Laurent Dauphin (Healthy), Victor Berglund (Healthy)
Fabian Zetterlund (Healthy), David Gustafsson (Healthy), Josiah Slavin (Healthy), Jacob Ingham (Healthy), Zachary Sawchenko (Healthy)
Kevin Lankinen (Healthy)
% Time on Ice - Senators
Lines # - Real PCT - Wanted PCT - Time Play
Normal Forward
1 - 30% - 40% - 14:08
2 - 33% - 30% - 15:14
3 - 22% - 20% - 10:14
4 - 15% - 10% - 6:48
Normal Defense
1 - 38% - 40% - 17:42
2 - 36% - 30% - 16:35
3 - 23% - 20% - 10:42
4 - 3% - 10% - 1:25
PP Forward
1 - 73% - 60% - 4:22
2 - 27% - 40% - 1:35
PP Defense
1 - 84% - 60% - 4:59
2 - 16% - 40% - 0:58
PK Forward
1 - 78% - 60% - 4:50
2 - 22% - 40% - 1:22
PK Defense
1 - 59% - 60% - 3:39
2 - 41% - 40% - 2:33
PK3 Forward
1 - 0% - 60%
2 - 0% - 40%
PK3 Defense
1 - 0% - 60%
2 - 0% - 40%
44 Forward
1 - 90% - 60% - 1:18
2 - 10% - 40% - 0:09
44 Defense
1 - 69% - 60% - 1:00
2 - 31% - 40% - 0:27
Last Minute Offensive - 0:00
Last Minute Defensive - 0:00
Total
Forward - 60:00
Defense - 60:00
|
% Time on Ice - Phantoms
Lines # - Real PCT - Wanted PCT - Time Play
Normal Forward
1 - 33% - 40% - 15:23
2 - 26% - 30% - 12:01
3 - 21% - 20% - 9:51
4 - 20% - 10% - 9:09
Normal Defense
1 - 38% - 40% - 17:27
2 - 32% - 30% - 14:49
3 - 27% - 20% - 12:41
4 - 3% - 10% - 1:27
PP Forward
1 - 57% - 60% - 3:31
2 - 43% - 40% - 2:41
PP Defense
1 - 58% - 60% - 3:36
2 - 42% - 40% - 2:36
PK Forward
1 - 76% - 60% - 4:32
2 - 24% - 40% - 1:25
PK Defense
1 - 46% - 60% - 2:45
2 - 54% - 40% - 3:12
PK3 Forward
1 - 0% - 60%
2 - 0% - 40%
PK3 Defense
1 - 0% - 60%
2 - 0% - 40%
44 Forward
1 - 100% - 60% - 1:27
2 - 0% - 40% - 0:00
44 Defense
1 - 53% - 60% - 0:46
2 - 47% - 40% - 0:41
Last Minute Offensive - 0:00
Last Minute Defensive - 0:00
Total
Forward - 60:00
Defense - 60:00
|
Play-by-Play
1st period
0:01 of 1st period - Christoph Bertschy wins face-off versus Joe Snively in neutral zone.
0:10 of 1st period - Snap shot by Zachary Sanford.
0:10 of 1st period - Shot Misses the Net.
0:12 of 1st period - Snap shot by Christoph Bertschy.
0:12 of 1st period - Shot Blocked by Cal Foote.
0:22 of 1st period - Minor Penalty to Cal Foote for Hooking.
0:23 of 1st period - Joe Snively wins face-off versus Christoph Bertschy in Phantoms zone.
0:37 of 1st period - Icing by Zachary Sanford.
0:38 of 1st period - Christoph Bertschy wins face-off versus Cristoval Nieves in Senators zone.
0:59 of 1st period - Snap shot by Christoph Bertschy.
0:59 of 1st period - Shot Misses the Net.
1:01 of 1st period - Slapshot by Jordan Schmaltz.
1:01 of 1st period - Stopped by Anton Forsberg with a rebound.
1:11 of 1st period - Wrist shot by Christoph Bertschy.
1:11 of 1st period - Shot Misses the Net.
1:13 of 1st period - Slapshot by Joonas Lyytinen.
1:13 of 1st period - Shot Misses the Net.
1:59 of 1st period - Snap shot by Morgan Klimchuk.
1:59 of 1st period - Shot Misses the Net.
2:22 of 1st period - Penalty to Cal Foote is over, Cal Foote is back on ice.
2:23 of 1st period - Slapshot by Zachary Sanford.
2:23 of 1st period - Shot Blocked by Cal Foote.
3:08 of 1st period - Snap shot by Christoph Bertschy.
3:08 of 1st period - Deflect By Zachary Sanford.
3:08 of 1st period - Shot Blocked by Cal Foote.
3:08 of 1st period - Puck is out of play.
3:09 of 1st period - Erik Nystrom wins face-off versus Jacob De La Rose in Phantoms zone.
3:24 of 1st period - Snap shot by Jacob De La Rose.
3:24 of 1st period - Shot Blocked by Cristoval Nieves.
3:40 of 1st period - Wrist shot by C.J Suess.
3:40 of 1st period - Stopped by Anton Forsberg with a rebound.
4:23 of 1st period - Snap shot by Rem Pitlick.
4:23 of 1st period - Stopped by David Rittich with a rebound.
4:59 of 1st period - Ty Smith is hit by Bryce Kindopp and loses puck.
5:54 of 1st period - C.J Suess is hit by Cal Foote and loses puck.
11:06 of 1st period - Nikita Nesterov is hit by Rinat Valiev and loses puck.
11:39 of 1st period - Jordan Schmaltz is hit by Sven Andrighetto and loses puck.
11:50 of 1st period - Cristoval Nieves is hit by Jordan Schmaltz and loses puck.
13:08 of 1st period - Jonas Siegenthaler is hit by Joe Snively and loses puck.
13:21 of 1st period - Anton Karlsson is hit by Cal Foote and loses puck.
14:03 of 1st period - David Kase is hit by Lucas Wallmarkk.
14:07 of 1st period - C.J Suess is hit by Lucas Wallmarkk and loses puck.
14:27 of 1st period - Minor Penalty to Brendan Perlini for Interference.
14:28 of 1st period - Sven Andrighetto wins face-off versus Christoph Bertschy in Senators zone.
14:33 of 1st period - Slapshot by Joe Snively.
14:33 of 1st period - Shot Misses the Net.
14:35 of 1st period - Snap shot by Morgan Klimchuk.
14:35 of 1st period - Shot Blocked by Joonas Lyytinen.
14:59 of 1st period - Mikko Lehtonen is hit by Christoph Bertschy and loses puck.
16:27 of 1st period - Penalty to Brendan Perlini is over, Brendan Perlini is back on ice.
16:46 of 1st period - Snap shot by A.J. Greer.
16:46 of 1st period - Deflect By Lucas Wallmarkk.
16:46 of 1st period - Stopped by David Rittich with a rebound.
17:04 of 1st period - Wrist shot by Brett Murray.
17:04 of 1st period - Shot Blocked by Kevin Rooney.
17:06 of 1st period - Snap shot by Oliver Wahlstrom.
17:06 of 1st period - Shot Blocked by Jonas Siegenthaler.
17:46 of 1st period - Wrist shot by Brendan Perlini.
17:46 of 1st period - Stopped by Anton Forsberg without a rebound.
17:47 of 1st period - Christoph Bertschy wins face-off versus Joe Snively in Phantoms zone.
17:50 of 1st period - Snap shot by Christoph Bertschy.
17:50 of 1st period - Stopped by Anton Forsberg without a rebound.
17:51 of 1st period - Grant Besse wins face-off versus Morgan Klimchuk in Phantoms zone.
19:22 of 1st period - Wrist shot by Carl Grundstrom.
19:22 of 1st period - Stopped by Anton Forsberg without a rebound.
19:23 of 1st period - Christoph Bertschy wins face-off versus Cristoval Nieves in Phantoms zone.
19:32 of 1st period - Snap shot by Cristoval Nieves.
19:32 of 1st period - Deflect By Rem Pitlick.
19:32 of 1st period - Stopped by David Rittich with a rebound.
19:34 of 1st period - Snap shot by Erik Nystrom.
19:34 of 1st period - Shot Misses the Net.
19:36 of 1st period - Slapshot by Matt Kiersted.
19:36 of 1st period - Deflect By Rem Pitlick.
19:36 of 1st period - Goal by Rem Pitlick - Senators : 0 - Phantoms : 1.
19:37 of 1st period - Joe Snively wins face-off versus Christoph Bertschy in neutral zone.
19:44 of 1st period - Snap shot by Morgan Klimchuk.
19:44 of 1st period - Shot Misses the Net.
19:46 of 1st period - Slapshot by Sven Andrighetto.
19:46 of 1st period - Shot Misses the Net.
19:48 of 1st period - Wrist shot by Joe Snively.
19:48 of 1st period - Stopped by David Rittich with a rebound.
Goals for this period are 0 for Senators vs 1 for Phantoms.
Shots for this period are 5 for Senators vs 5 for Phantoms.
2nd period
0:01 of 2nd period - Christoph Bertschy wins face-off versus Joe Snively in neutral zone.
0:16 of 2nd period - Snap shot by Sven Andrighetto.
0:16 of 2nd period - Shot Blocked by Nikita Nesterov.
0:26 of 2nd period - Rinat Valiev is hit by Keegan Lowe and loses puck.
0:33 of 2nd period - Backhand shot by Cristoval Nieves.
0:33 of 2nd period - Stopped by David Rittich with a rebound.
0:35 of 2nd period - Slapshot by Erik Nystrom.
0:35 of 2nd period - Stopped by David Rittich without a rebound.
0:36 of 2nd period - Joe Snively wins face-off versus Jacob De La Rose in Senators zone.
0:49 of 2nd period - Slapshot by Brendan Perlini.
0:49 of 2nd period - Stopped by Anton Forsberg with a rebound.
1:51 of 2nd period - Wrist shot by Morgan Klimchuk.
1:51 of 2nd period - Stopped by David Rittich without a rebound.
1:52 of 2nd period - Christoph Bertschy wins face-off versus Cristoval Nieves in Senators zone.
2:22 of 2nd period - Icing by Oliver Wahlstrom.
2:23 of 2nd period - Jacob De La Rose wins face-off versus David Kampf in Phantoms zone.
2:44 of 2nd period - Snap shot by Carl Grundstrom.
2:44 of 2nd period - Shot Blocked by Matt Kiersted.
2:46 of 2nd period - Slapshot by Keegan Lowe.
2:46 of 2nd period - Shot Blocked by Cristoval Nieves.
2:48 of 2nd period - Snap shot by Brendan Perlini.
2:48 of 2nd period - Stopped by Anton Forsberg with a rebound.
2:50 of 2nd period - Slapshot by Keegan Lowe.
2:50 of 2nd period - Stopped by Anton Forsberg without a rebound.
2:51 of 2nd period - Christoph Bertschy wins face-off versus Cristoval Nieves in Phantoms zone.
2:52 of 2nd period - Wrist shot by Zachary Sanford.
2:52 of 2nd period - Deflect By Grant Besse.
2:52 of 2nd period - Shot Misses the Net.
2:52 of 2nd period - Puck is out of play.
2:53 of 2nd period - Christoph Bertschy wins face-off versus Cristoval Nieves in Phantoms zone.
2:54 of 2nd period - Snap shot by Zachary Sanford.
2:54 of 2nd period - Goal by Zachary Sanford - Senators : 1 - Phantoms : 1.
2:55 of 2nd period - Joe Snively wins face-off versus Christoph Bertschy in neutral zone.
3:27 of 2nd period - Kevin Rooney is hit by Erik Nystrom.
3:43 of 2nd period - Icing by Nick Sorensen.
3:44 of 2nd period - Jacob De La Rose wins face-off versus Lucas Wallmarkk in Phantoms zone.
3:47 of 2nd period - Snap shot by Brendan Perlini.
3:47 of 2nd period - Shot Blocked by Nick Sorensen.
5:13 of 2nd period - Wrist shot by Lucas Wallmarkk.
5:13 of 2nd period - Deflect By Nick Sorensen.
5:13 of 2nd period - Stopped by David Rittich with a rebound.
5:15 of 2nd period - Snap shot by Lucas Wallmarkk.
5:15 of 2nd period - Stopped by David Rittich without a rebound.
5:16 of 2nd period - Joe Snively wins face-off versus Christoph Bertschy in Senators zone.
5:17 of 2nd period - Snap shot by Morgan Klimchuk.
5:17 of 2nd period - Shot Misses the Net.
5:25 of 2nd period - Slapshot by Jordan Schmaltz.
5:25 of 2nd period - Shot Blocked by Mikko Lehtonen.
5:27 of 2nd period - Backhand shot by Grant Besse.
5:27 of 2nd period - Stopped by Anton Forsberg with a rebound.
5:29 of 2nd period - Slapshot by Zachary Sanford.
5:29 of 2nd period - Shot Misses the Net.
5:31 of 2nd period - Wrist shot by Zachary Sanford.
5:31 of 2nd period - Stopped by Anton Forsberg with a rebound.
5:33 of 2nd period - Snap shot by Grant Besse.
5:33 of 2nd period - Shot Misses the Net.
5:52 of 2nd period - Snap shot by Kevin Rooney.
5:52 of 2nd period - Shot Misses the Net.
6:12 of 2nd period - Snap shot by David Kampf.
6:12 of 2nd period - Shot Blocked by Jonas Siegenthaler.
6:14 of 2nd period - Wrist shot by David Kampf.
6:14 of 2nd period - Shot Blocked by Bryce Kindopp.
6:16 of 2nd period - Slapshot by Ty Smith.
6:16 of 2nd period - Stopped by David Rittich with a rebound.
6:26 of 2nd period - Riley Stillman is hit by Zachary Sanford.
7:29 of 2nd period - Matt Kiersted is hit by Keegan Lowe and loses puck.
7:55 of 2nd period - Icing by Mikko Lehtonen.
7:56 of 2nd period - Michael McCarron wins face-off versus David Kampf in Phantoms zone.
7:57 of 2nd period - Slapshot by Anton Karlsson.
7:57 of 2nd period - Deflect By David Kampf.
7:57 of 2nd period - Stopped by Anton Forsberg without a rebound.
7:58 of 2nd period - Christoph Bertschy wins face-off versus Joe Snively in Phantoms zone.
8:27 of 2nd period - C.J Suess is hit by Rem Pitlick and loses puck.
9:00 of 2nd period - Jacob De La Rose is hit by Nick Sorensen and loses puck.
9:11 of 2nd period - Slapshot by Joe Snively.
9:11 of 2nd period - Shot Misses the Net.
9:41 of 2nd period - Wrist shot by Brendan Perlini.
9:41 of 2nd period - Shot Blocked by Rem Pitlick.
10:26 of 2nd period - Slapshot by Jordan Schmaltz.
10:26 of 2nd period - Stopped by Anton Forsberg without a rebound.
10:27 of 2nd period - Christoph Bertschy wins face-off versus Joe Snively in Phantoms zone.
10:34 of 2nd period - Snap shot by Sven Andrighetto.
10:34 of 2nd period - Shot Misses the Net.
10:36 of 2nd period - Wrist shot by Sven Andrighetto.
10:36 of 2nd period - Shot Misses the Net.
10:38 of 2nd period - Snap shot by Morgan Klimchuk.
10:38 of 2nd period - Stopped by David Rittich with a rebound.
10:40 of 2nd period - Snap shot by Joe Snively.
10:40 of 2nd period - Goal by Joe Snively - Senators : 1 - Phantoms : 2.
10:41 of 2nd period - Christoph Bertschy wins face-off versus Joe Snively in neutral zone.
10:43 of 2nd period - Minor Penalty to Zachary Sanford for Hooking.
10:44 of 2nd period - Christoph Bertschy wins face-off versus Joe Snively in Senators zone.
11:10 of 2nd period - Erik Nystrom is hit by Christoph Bertschy and loses puck.
11:17 of 2nd period - Slapshot by Rinat Valiev.
11:17 of 2nd period - Stopped by David Rittich with a rebound.
11:19 of 2nd period - Snap shot by Cristoval Nieves.
11:19 of 2nd period - Shot Misses the Net.
12:43 of 2nd period - Penalty to Zachary Sanford is over, Zachary Sanford is back on ice.
12:52 of 2nd period - Wrist shot by C.J Suess.
12:52 of 2nd period - Deflect By Kevin Rooney.
12:52 of 2nd period - Stopped by Anton Forsberg without a rebound.
12:53 of 2nd period - Lucas Wallmarkk wins face-off versus Kevin Rooney in Phantoms zone.
13:06 of 2nd period - Snap shot by C.J Suess.
13:06 of 2nd period - Deflect By David Kase.
13:06 of 2nd period - Stopped by Anton Forsberg without a rebound.
13:07 of 2nd period - Christoph Bertschy wins face-off versus Cristoval Nieves in Phantoms zone.
13:14 of 2nd period - Snap shot by Zachary Sanford.
13:14 of 2nd period - Stopped by Anton Forsberg with a rebound.
13:53 of 2nd period - Nikita Nesterov is hit by Mikko Lehtonen and loses puck.
14:06 of 2nd period - Minor Penalty to Keegan Lowe for Hooking.
14:07 of 2nd period - Christoph Bertschy wins face-off versus Cristoval Nieves in Senators zone.
14:43 of 2nd period - Off-side.
14:44 of 2nd period - Christoph Bertschy wins face-off versus Joe Snively in neutral zone.
15:30 of 2nd period - Brendan Perlini is hit by Rem Pitlick and loses puck.
16:06 of 2nd period - Penalty to Keegan Lowe is over, Keegan Lowe is back on ice.
16:39 of 2nd period - Jonas Siegenthaler is hit by Nick Sorensen and loses puck.
16:50 of 2nd period - Snap shot by C.J Suess.
16:50 of 2nd period - Stopped by Anton Forsberg with a rebound.
16:52 of 2nd period - Slapshot by Jonas Siegenthaler.
16:52 of 2nd period - Shot Blocked by Mikko Lehtonen.
16:54 of 2nd period - Snap shot by Anton Karlsson.
16:54 of 2nd period - Shot Blocked by Mikko Lehtonen.
16:56 of 2nd period - Wrist shot by Keegan Lowe.
16:56 of 2nd period - Stopped by Anton Forsberg with a rebound.
16:58 of 2nd period - Snap shot by Nikita Nesterov.
16:58 of 2nd period - Stopped by Anton Forsberg with a rebound.
17:05 of 2nd period - Minor Penalty to Matt Kiersted for Hooking.
17:06 of 2nd period - Christoph Bertschy wins face-off versus Joe Snively in Phantoms zone.
19:05 of 2nd period - Penalty to Matt Kiersted is over, Matt Kiersted is back on ice.
19:12 of 2nd period - Slapshot by David Kampf.
19:12 of 2nd period - Stopped by David Rittich without a rebound.
19:13 of 2nd period - David Kampf wins face-off versus Kevin Rooney in Senators zone.
19:16 of 2nd period - Wrist shot by David Kampf.
19:16 of 2nd period - Shot Misses the Net.
19:18 of 2nd period - Snap shot by David Kampf.
19:18 of 2nd period - Shot Misses the Net.
19:20 of 2nd period - Wrist shot by Brett Murray.
19:20 of 2nd period - Shot Misses the Net.
19:39 of 2nd period - Nikita Nesterov is hit by David Kampf and loses puck.
Goals for this period are 1 for Senators vs 1 for Phantoms.
Shots for this period are 14 for Senators vs 10 for Phantoms.
3rd period
0:01 of 3rd period - Joe Snively wins face-off versus Christoph Bertschy in neutral zone.
0:36 of 3rd period - Snap shot by Brendan Perlini.
0:36 of 3rd period - Shot Misses the Net.
0:38 of 3rd period - Wrist shot by Jacob De La Rose.
0:38 of 3rd period - Deflect By Brendan Perlini.
0:38 of 3rd period - Shot Hit the Post.
0:38 of 3rd period - Puck is out of play.
0:39 of 3rd period - Jacob De La Rose wins face-off versus Joe Snively in Phantoms zone.
0:44 of 3rd period - Slapshot by Jacob De La Rose.
0:44 of 3rd period - Stopped by Anton Forsberg with a rebound.
0:46 of 3rd period - Slapshot by Jacob De La Rose.
0:46 of 3rd period - Shot Misses the Net.
0:48 of 3rd period - Snap shot by Jacob De La Rose.
0:48 of 3rd period - Shot Misses the Net.
0:50 of 3rd period - Slapshot by Jonas Siegenthaler.
0:50 of 3rd period - Deflect By Sven Andrighetto.
0:50 of 3rd period - Stopped by Anton Forsberg with a rebound.
0:54 of 3rd period - Wrist shot by Carl Grundstrom.
0:54 of 3rd period - Stopped by Anton Forsberg with a rebound.
0:56 of 3rd period - Slapshot by Jonas Siegenthaler.
0:56 of 3rd period - Stopped by Anton Forsberg with a rebound.
1:28 of 3rd period - Wrist shot by C.J Suess.
1:28 of 3rd period - Stopped by Anton Forsberg with a rebound.
1:46 of 3rd period - Jordan Schmaltz is hit by Rinat Valiev and loses puck.
2:07 of 3rd period - Wrist shot by Morgan Klimchuk.
2:07 of 3rd period - Deflect By Joe Snively.
2:07 of 3rd period - Shot Misses the Net.
2:07 of 3rd period - Puck is out of play.
2:08 of 3rd period - Joe Snively wins face-off versus Jacob De La Rose in Senators zone.
2:09 of 3rd period - Snap shot by Sven Andrighetto.
2:09 of 3rd period - Shot Blocked by Jordan Schmaltz.
2:35 of 3rd period - Ty Smith is hit by Jacob De La Rose and loses puck.
3:04 of 3rd period - Riley Stillman is hit by Carl Grundstrom and loses puck.
3:13 of 3rd period - Snap shot by Brendan Perlini.
3:13 of 3rd period - Shot Blocked by Morgan Klimchuk.
3:15 of 3rd period - Slapshot by Jonas Siegenthaler.
3:15 of 3rd period - Stopped by Anton Forsberg without a rebound.
3:16 of 3rd period - Christoph Bertschy wins face-off versus Cristoval Nieves in Phantoms zone.
3:23 of 3rd period - Snap shot by Cristoval Nieves.
3:23 of 3rd period - Goal by Cristoval Nieves - Senators : 1 - Phantoms : 3.
3:24 of 3rd period - Christoph Bertschy wins face-off versus Cristoval Nieves in neutral zone.
3:29 of 3rd period - Wrist shot by Grant Besse.
3:29 of 3rd period - Stopped by Anton Forsberg without a rebound.
3:30 of 3rd period - Cristoval Nieves wins face-off versus Christoph Bertschy in Phantoms zone.
3:37 of 3rd period - Snap shot by Rem Pitlick.
3:37 of 3rd period - Stopped by David Rittich with a rebound.
4:21 of 3rd period - Snap shot by Anton Karlsson.
4:21 of 3rd period - Stopped by Anton Forsberg without a rebound.
4:22 of 3rd period - Joe Snively wins face-off versus Michael McCarron in Phantoms zone.
4:50 of 3rd period - Wrist shot by A.J. Greer.
4:50 of 3rd period - Stopped by David Rittich with a rebound.
4:52 of 3rd period - Snap shot by Lucas Wallmarkk.
4:52 of 3rd period - Deflect By A.J. Greer.
4:52 of 3rd period - Shot Misses the Net.
4:52 of 3rd period - Puck is out of play.
4:53 of 3rd period - Christoph Bertschy wins face-off versus Joe Snively in Senators zone.
5:07 of 3rd period - Icing by Riley Stillman.
5:08 of 3rd period - Christoph Bertschy wins face-off versus Joe Snively in Phantoms zone.
5:25 of 3rd period - Wrist shot by Joe Snively.
5:25 of 3rd period - Stopped by David Rittich without a rebound.
5:26 of 3rd period - Jacob De La Rose wins face-off versus Cristoval Nieves in Senators zone.
5:26 of 3rd period - Jacob De La Rose is hit by Cal Foote.
5:41 of 3rd period - Minor Penalty to Rem Pitlick for Hooking.
5:42 of 3rd period - Joe Snively wins face-off versus Christoph Bertschy in Phantoms zone.
6:08 of 3rd period - Cal Foote is hit by Carl Grundstrom and loses puck.
6:30 of 3rd period - Off-side.
6:31 of 3rd period - Cristoval Nieves wins face-off versus Christoph Bertschy in neutral zone.
6:47 of 3rd period - Icing by Jordan Schmaltz.
6:48 of 3rd period - Christoph Bertschy wins face-off versus Morgan Klimchuk in Senators zone.
7:41 of 3rd period - Penalty to Rem Pitlick is over, Rem Pitlick is back on ice.
8:16 of 3rd period - Snap shot by David Kampf.
8:16 of 3rd period - Shot Misses the Net.
8:58 of 3rd period - Wrist shot by Joe Snively.
8:58 of 3rd period - Stopped by David Rittich with a rebound.
9:28 of 3rd period - Rinat Valiev is hit by Carl Grundstrom.
9:54 of 3rd period - Wrist shot by C.J Suess.
9:54 of 3rd period - Shot Misses the Net.
9:56 of 3rd period - Snap shot by David Kase.
9:56 of 3rd period - Deflect By Kevin Rooney.
9:56 of 3rd period - Stopped by Anton Forsberg without a rebound.
9:57 of 3rd period - Joe Snively wins face-off versus Christoph Bertschy in Phantoms zone.
10:04 of 3rd period - Wrist shot by Joe Snively.
10:04 of 3rd period - Shot Misses the Net.
10:45 of 3rd period - Wrist shot by Cristoval Nieves.
10:45 of 3rd period - Shot Misses the Net.
10:47 of 3rd period - Slapshot by Cristoval Nieves.
10:47 of 3rd period - Shot Misses the Net.
10:49 of 3rd period - Slapshot by Ty Smith.
10:49 of 3rd period - Stopped by David Rittich with a rebound.
11:08 of 3rd period - Icing by Rinat Valiev.
11:09 of 3rd period - David Kampf wins face-off versus Christoph Bertschy in Phantoms zone.
11:42 of 3rd period - Wrist shot by Joe Snively.
11:42 of 3rd period - Stopped by David Rittich with a rebound.
12:12 of 3rd period - Snap shot by C.J Suess.
12:12 of 3rd period - Stopped by Anton Forsberg with a rebound.
12:32 of 3rd period - Wrist shot by Michael McCarron.
12:32 of 3rd period - Stopped by Anton Forsberg with a rebound.
12:34 of 3rd period - Snap shot by Michael McCarron.
12:34 of 3rd period - Shot Misses the Net.
13:08 of 3rd period - Wrist shot by Brendan Perlini.
13:08 of 3rd period - Shot Misses the Net.
13:27 of 3rd period - Wrist shot by Cristoval Nieves.
13:27 of 3rd period - Deflect By Rem Pitlick.
13:27 of 3rd period - Stopped by David Rittich without a rebound.
13:28 of 3rd period - Kevin Rooney wins face-off versus Cristoval Nieves in Senators zone.
13:32 of 3rd period - Jordan Schmaltz is hit by Rinat Valiev and loses puck.
13:53 of 3rd period - Cal Foote is hit by Zachary Sanford and loses puck.
14:32 of 3rd period - Nick Sorensen is hit by Jacob De La Rose and loses puck.
15:25 of 3rd period - Keegan Lowe is hit by Sven Andrighetto.
16:16 of 3rd period - Slapshot by Mikko Lehtonen.
16:16 of 3rd period - Stopped by David Rittich with a rebound.
16:18 of 3rd period - Slapshot by Mikko Lehtonen.
16:18 of 3rd period - Deflect By Oliver Wahlstrom.
16:18 of 3rd period - Stopped by David Rittich without a rebound.
16:19 of 3rd period - Christoph Bertschy wins face-off versus David Kampf in Senators zone.
16:45 of 3rd period - Grant Besse is hit by Riley Stillman and loses puck.
16:52 of 3rd period - Wrist shot by David Kampf.
16:52 of 3rd period - Deflect By Zachary Sanford.
16:52 of 3rd period - Stopped by David Rittich without a rebound.
16:53 of 3rd period - Kevin Rooney wins face-off versus Joe Snively in Senators zone.
16:53 of 3rd period - Kevin Rooney is hit by Morgan Klimchuk.
17:09 of 3rd period - Wrist shot by C.J Suess.
17:09 of 3rd period - Shot Blocked by Joe Snively.
17:21 of 3rd period - Slapshot by Mikko Lehtonen.
17:21 of 3rd period - Stopped by David Rittich without a rebound.
17:22 of 3rd period - Jacob De La Rose wins face-off versus Lucas Wallmarkk in Senators zone.
17:27 of 3rd period - Brendan Perlini is hit by Nick Sorensen and loses puck.
17:33 of 3rd period - Minor Penalty to Carl Grundstrom for Hooking.
17:34 of 3rd period - Joe Snively wins face-off versus Christoph Bertschy in Senators zone.
17:42 of 3rd period - Snap shot by Joe Snively.
17:42 of 3rd period - Stopped by David Rittich with a rebound.
17:44 of 3rd period - Wrist shot by Rinat Valiev.
17:44 of 3rd period - Goal by Rinat Valiev - Senators : 1 - Phantoms : 4.
17:45 of 3rd period - Christoph Bertschy wins face-off versus Joe Snively in neutral zone.
17:48 of 3rd period - Wrist shot by Christoph Bertschy.
17:48 of 3rd period - Shot Misses the Net.
17:51 of 3rd period - Icing by Rinat Valiev.
17:52 of 3rd period - Christoph Bertschy wins face-off versus Joe Snively in Phantoms zone.
17:53 of 3rd period - Backhand shot by Zachary Sanford.
17:53 of 3rd period - Stopped by Anton Forsberg with a rebound.
18:01 of 3rd period - Snap shot by Jordan Schmaltz.
18:01 of 3rd period - Stopped by Anton Forsberg with a rebound.
18:21 of 3rd period - Snap shot by Joe Snively.
18:21 of 3rd period - Stopped by David Rittich without a rebound.
18:22 of 3rd period - Jacob De La Rose wins face-off versus Cristoval Nieves in Senators zone.
18:22 of 3rd period - Brendan Perlini is hit by Rem Pitlick and loses puck.
18:28 of 3rd period - Minor Penalty to Keegan Lowe for Holding.
18:29 of 3rd period - Joe Snively wins face-off versus Christoph Bertschy in Senators zone.
18:32 of 3rd period - Minor Penalty to Joe Snively for Interference.
18:33 of 3rd period - Christoph Bertschy wins face-off versus Lucas Wallmarkk in Phantoms zone.
18:39 of 3rd period - Wrist shot by Zachary Sanford.
18:39 of 3rd period - Shot Misses the Net.
18:41 of 3rd period - Slapshot by Jordan Schmaltz.
18:41 of 3rd period - Stopped by Anton Forsberg without a rebound.
18:42 of 3rd period - Lucas Wallmarkk wins face-off versus Christoph Bertschy in Phantoms zone.
18:51 of 3rd period - Snap shot by Morgan Klimchuk.
18:51 of 3rd period - Stopped by David Rittich with a rebound.
19:05 of 3rd period - Christoph Bertschy is hit by Cal Foote and loses puck.
19:09 of 3rd period - Icing by Zachary Sanford.
19:10 of 3rd period - Lucas Wallmarkk wins face-off versus Zachary Sanford in Senators zone.
Goals for this period are 0 for Senators vs 2 for Phantoms.
Shots for this period are 14 for Senators vs 16 for Phantoms.